 Dungeon Crawl Stone Soup version 0.31-a0-1388-g4b2ba238e7 (webtiles) character file.

Game seed: 11561310174357303012

60 Loonster the Changeling (level 3, 23/25 HPs)
             Began as a Vampire Shapeshifter on Dec 24, 2023.
             Quit the game on level 2 of the Dungeon.
             The game lasted 00:01:02 (1015 turns).

Loonster the Changeling (Vampire Shapeshifter)      Turns: 1015, Time: 00:01:03

Health: 23/25      AC:  2    Str: 15    XL:     3   Next: 80%
Magic:  3/3        EV: 12    Int: 12    God:
Gold:   79         SH:  0    Dex: 13    Spells: 2/2 levels left

rFire   . .          .
                       - Unarmed
rCold   . . .        (no shield)
rNeg    . . .        a - +0 animal skin
rPois   .            (helmet currently unavailable)
rElec   .            (cloak currently unavailable)
rCorr   .            (gloves currently unavailable)
SInv    +            (boots currently unavailable)
Will    .....        (no amulet)
Stlth   +            (no ring)
HPRegen 0.44/turn    (no ring)
MPRegen 0.08/turn

%: no passive effects
@: beast-form, healing quickly
A: beast (slay +2), alive, fangs 3, see invisible, vampiric 2
a: Exsanguinate, Begin Untransformation


You were on level 2 of the Dungeon.
You were a hulking beast.
You visited 1 branch of the dungeon, and saw 2 of its levels.

You collected 79 gold pieces.

Inventory:

Armour
 a - a +0 animal skin (worn)
Talismans
 c - a beast talisman
 d - a flux talisman
Scrolls
 e - a scroll of revelation {unknown}
 f - 4 scrolls of enchant armour {unknown}
 h - a scroll of immolation {unknown}
Potions
 b - a potion of lignification
 g - a potion of heal wounds {unknown}


   Skills:
 - Level 0.9 Fighting
 - Level 2.2 Dodging
 - Level 3.3 Unarmed Combat
 + Level 4.9 Shapeshifting


You had 2 spell levels left.
You didn't know any spells.
Your spell library contained the following spells:

 Spells                   Type           Power      Damage    Failure   Level
 Gell's Gravitas          Tloc           0%         N/A       69%         3
 Teleport Other           Tloc           0%         N/A       69%         3
 Conjure Ball Lightning   Conj/Air       0%         3x3d6     100%        6
 Dispersal                Tloc           0%         N/A       100%        6
 Discord                  Hex            0%         N/A       100%        8
 Disjunction              Tloc           0%         N/A       100%        8


Dungeon Overview and Level Annotations

Branches:
Dungeon (2/15)

Altars:

Shops:
D:1 :(?=


Innate Abilities, Weirdness & Mutations

You are a hulking beast.
Your limbs bulge with bestial killing power. (Slay +2)
Your natural rate of healing is accelerated.
You have razor-sharp teeth.
You have supernaturally acute eyesight. (SInv)
You are afflicted with vampirism and can become a bat while bloodless.


Message History

No target in view!
No target in view!
No target in view!
No target in view!
No target in view!
No target in view!
No target in view!
No target in view!
No target in view!
No target in view!
An adder comes into view.
An adder is nearby!
An adder is nearby!
An adder is nearby!
The adder hisses angrily.
The adder closely misses you.
You hit the adder.
The adder is moderately wounded.
The adder barely misses you. x2
You hit the adder.
The adder is severely wounded.
The adder barely misses you.
You hit the adder.
The adder is almost dead.
The adder barely misses you.
You closely miss the adder. You punch the adder, but do no damage.
You bite the adder, but do no damage.
The adder is almost dead.
The adder bites you.
You punch the adder!
You kill the adder!
No target in view!
No target in view!
No target in view!
No target in view!
No target in view!
No target in view!
No target in view!
No target in view!
Are you sure you want to abandon this character and quit the game? (Confirm with "yes".)

..###....###.#
#..###.#..#.....# ..#
#........##..##...#.##.##..#.
###
#...######..##...##.#........
#...# #.##....#..#.....###
#...# ##.#....##.##)##.####
#...# #..#...##..#.........
###.# #....###..##.........
#.# #.####...###....###.. #.#
#...h†.# #.....>.....
#.........#### #.....)†....
########### #....#......
#....#...... #....#......
#....#...... #....#......
#....#...... #....#......


There were no monsters in sight!

Vanquished Creatures
  3 adders (D:2)
  A worm (D:2)
  2 dart slugs (D:2)
  4 bats
  3 endoplasms
  A giant cockroach (D:2)
  5 goblins
  A hobgoblin (D:1)
  2 ball pythons (D:1)
  A kobold (D:1)
  A rat (D:1)
24 creatures vanquished.

Vanquished Creatures (others)
  A ball python (D:1)
1 creature vanquished.

Grand Total: 25 creatures vanquished

Notes
Turn   | Place    | Note
-------+----------+-------------------------------------------
     0 | D:1      | Loonster the Vampire Shapeshifter began the quest for the
                  | Orb.
     0 | D:1      | Reached XP level 1. HP: 14/14 MP: 1/1
    51 | D:1      | Found Nip Itae's Magic Scroll Shoppe.
    64 | D:1      | Found Ciant's Book Shop.
   127 | D:1      | Found Puesma's Weapon Emporium.
   182 | D:1      | Reached XP level 2. HP: 20/20 MP: 2/2
   271 | D:1      | Found Unenink's Jewellery Shop.
   722 | D:2      | Reached skill level 4 in Shapeshifting
   771 | D:2      | Gained mutation: You are afflicted with vampirism and can
                  | become a bat while bloodless. [Vampire growth]
   771 | D:2      | Reached XP level 3. HP: 22/25 MP: 3/3
  1015 | D:2      | Quit the game

Illustrated notes

Levels and vault maps discovered:
D:1:      onia_arrival_pyramid, layout_rooms, serial_shops,
          nicolae_shop_rolling_square, shop_fountains, shop, shop,
          glass_columns_a, lemuel_flame_loot_1
D:2:      minmay_evil_eye, layout_basic

Skill      XL: |  1  2 |
---------------+-------+-----
Shapeshifting  | 4 |  4.9
Fighting       | |  0.9
Dodging        | |  2.2
Unarmed Combat | |  3.3

Action                     || total
---------------------------++-------
  Melee: Unarmed           ||    63
         Bite              ||     8
         Punch             ||     1
 Armour: Animal skin       ||    26
  Dodge: Dodged            ||    34

Table legend: (Time is in decaauts)
 A = Elapsed time spent in this place.
 B = Non-inter-level travel time spent in this place.
 C = Inter-level travel time spent in this place.
 D = Time resting spent in this place.
 E = Time spent auto-exploring this place.
 F = Levels seen in this place.
 G = Mean time per level.
                   A        B        C        D        E       F      G
               +--------+--------+--------+--------+--------+-----+--------+
         Total |   1011 |    974 |     37 |     14 |    798 |   2 |  505.5 |
       Dungeon |   1011 |    974 |     37 |     14 |    798 |   2 |  505.5 |
               +--------+--------+--------+--------+--------+-----+--------+

Top non-repeatable levels by time:
     D:1: 699 daAuts
     D:2: 311 daAuts
